 Dungeon Crawl Stone Soup version 0.22.1-2-g9c5b331383 (webtiles) character file.

33 Cykl0x the Firebug (level 3, 0/21 HPs)
             Began as an Octopode Fire Elementalist on Dec 26, 2018.
             Slain by an orc
             ... wielding a +0 hand axe
              (8 damage)
             ... on level 2 of the Dungeon.
             The game lasted 00:05:30 (1667 turns).

Cykl0x the Firebug (Octopode Fire Elementalist)     Turns: 1667, Time: 00:05:31

Health: 0/21       AC:  1    Str:  7    XL:     3   Next: 29%
Magic:  5/6        EV: 13    Int: 18    God:
Gold:   102        SH:  0    Dex: 12    Spells: 0/6 levels left

rFire    . . .     SeeInvis .   d - +0 short sword
rCold    . . .     Gourm    .   (no shield)
rNeg     . . .     Faith    .   (helmet restricted)
rPois    .         Spirit   .   (no amulet)
rElec    .         Reflect  .   f - ring of wizardry
rCorr    .         Harm     .   (no ring)
MR       .....                  (no ring)
Stlth    +++.......             (no ring)
HPRegen  0.07/turn              (no ring)
MPRegen  0.10/turn              (no ring)
                                (no ring)
                                (no ring)

@: slowed, very slow
A: almost no armour, stealthy swim, amphibious, 8 rings, constrict 8, camouflage
1, gelatinous body 1
a: no special abilities


You were on level 2 of the Dungeon.
You were not hungry.

You visited 1 branch of the dungeon, and saw 2 of its levels.

You collected 102 gold pieces.

Inventory:

Hand Weapons
 d - a +0 short sword (weapon)
Missiles
 a - 36 stones (quivered)
Jewellery
 f - a ring of wizardry (left tentacle)
Wands
 c - a wand of enslavement (9)
Potions
 e - a potion of agility
 h - 2 potions of invisibility {unknown}
 i - a potion of curing {unknown}
Comestibles
 b - 2 rations
 g - a chunk of flesh


   Skills:
 + Level 0.6 Short Blades
 + Level 2.1 Dodging
 + Level 3.1 Stealth
 + Level 2.2 Spellcasting
 + Level 1.2 Conjurations
 + Level 3.6 Fire Magic


You couldn't memorise any spells.
You knew the following spells:

 Your Spells              Type           Power        Failure   Level  Hunger
a - Flame Tongue          Conj/Fire      ##...        2%          1    #......
b - Throw Flame           Conj/Fire      ##....       4%          2    ##.....
c - Conjure Flame         Conj/Fire      ##......     8%          3    ###....

Your spell library contained the following spells:

 Spells                   Type           Power        Failure   Level  Hunger
 Inner Flame              Hex/Fire       #.......     11%         3    ###....
 Sticky Flame             Conj/Fire      ##......     26%         4    #####..
 Fireball                 Conj/Fire      ##........   54%         5    ######.


Dungeon Overview and Level Annotations

Branches:
Dungeon (2/15)

Altars:


Innate Abilities, Weirdness & Mutations

You cannot wear most types of armour.
You are very stealthy in the water. (Stealth+)
You are amphibious.
You can wear up to eight rings at the same time.
You can use your tentacles to constrict eight enemies at once.
Your skin changes colour to match your surroundings (Stealth+).
Your rubbery body absorbs attacks. (AC +1, EV +1)


Message History

The orc closely misses you.
Casting: Flame Tongue (safe; 2% risk of failure)
Confirm with . or Enter, or press ? or * to list all spells.
Aiming: Flame Tongue (safe; 2% risk of failure)
Press: ? - help, Shift-Dir - straight line, f - orc wizard
Aim: an orc wizard, wielding a dagger and wearing a robe (lightly wounded, The flame tongue hits the orc wizard.
The orc wizard is severely wounded.
You constrict the orc wizard.
The orc wizard points at you and mumbles some strange words.
You feel yourself slow down.
You hit the orc wizard.
The orc wizard is almost dead.
You constrict the orc wizard. The orc hits you with a hand axe.
The orc hits you from afar with a trident.
The orc wizard gestures wildly while chanting.
The orc wizard blinks free!
The orc barely misses you. The orc closely misses you.
The orc barely misses you. The orc hits you with a hand axe!
You die...

......... .........
......... ......... #
......... .# .<.......
###. ......... #..
......... #o# ...######
###@###.# ...#
######..o....# ...#
#......#.o......
...######......#########
#####..........#
...............#
...............#
......########.# ......#
#.#


You could see an orc wizard and 2 orcs.

Vanquished Creatures
  A worm (D:2)
  4 leopard geckos
  2 bats (D:1)
  3 goblins
  A hobgoblin (D:2)
  4 jackals (D:1)
  A ball python (D:1)
  A frilled lizard (D:1)
  4 kobolds
  5 rats
26 creatures vanquished.

Notes
Turn   | Place    | Note
-------+----------+-------------------------------------------
     0 | D:1      | Cykl0x the Octopode Fire Elementalist began the quest for
                  | the Orb.
     0 | D:1      | Reached XP level 1. HP: 11/11 MP: 3/3
   150 | D:1      | Reached XP level 2. HP: 17/17 MP: 3/5
   618 | D:1      | Learned a level 2 spell: Throw Flame
   812 | D:1      | You fall through a shaft!
  1322 | D:2      | Reached XP level 3. HP: 21/21 MP: 3/6
  1407 | D:2      | Learned a level 3 spell: Conjure Flame
  1667 | D:2      | Slain by an orc

Skill      XL: |  1  2  3 |
---------------+----------+-----
Stealth        | 3 |  3.1
Short Blades   | |  0.6
Dodging        | |  2.1
Spellcasting   | |  2.2
Conjurations   | |  1.2
Fire Magic     | |  3.6

Action                   || total
-------------------------++-------
Melee: Short sword       ||    28
       Constrict         ||     6
       Tentacles         ||     3
 Cast: Flame Tongue      ||    22
       Throw Flame       ||    16
  Use: Scroll            ||     3
 Stab: Sleeping          ||     2
  Eat: Chunk             ||     3
Armor: Skin              ||     4
Dodge: Dodged            ||    33
